 Dungeon Crawl Stone Soup version 0.22.0-49-gab54619674 (webtiles) character file.

259 Kaderl the Firebug (level 6, -1/41 HPs)
             Began as a Human Fire Elementalist on Sept 2, 2018.
             Slain by an ice beast (9 damage)
             ... on level 5 of the Dungeon on Sept 7, 2018.
             The game lasted 00:21:35 (2925 turns).

Kaderl the Firebug (Human Fire Elementalist)        Turns: 2925, Time: 00:21:36

Health: -1/41      AC:  3    Str:  9    XL:     6   Next: 40%
Magic:  0/11       EV: 13    Int: 17    God:
Gold:   221        SH:  0    Dex: 13    Spells: 9/12 levels left

rFire    . . .     SeeInvis .   (no weapon)
rCold    . . .     Gourm    .   (no shield)
rNeg     . . .     Faith    .   a - +1 robe
rPois    .         Spirit   .   (no helmet)
rElec    .         Reflect  .   (no cloak)
rCorr    +         Harm     .   (no gloves)
MR       .....                  (no boots)
Stlth    ++........             (no amulet)
HPRegen  0.13/turn              e - ring of resist corrosion
MPRegen  0.12/turn              (no ring)

@: no status effects
A: no striking features
a: no special abilities


You were on level 5 of the Dungeon.
You were not hungry.

You visited 1 branch of the dungeon, and saw 5 of its levels.

You collected 221 gold pieces.

Inventory:

Armour
 a - a +1 robe (worn)
Jewellery
 e - a ring of resist corrosion (left hand)
Wands
 j - a wand of enslavement (25)
 k - a wand of scattershot (6)
Scrolls
 b - 2 scrolls of identify
 d - a scroll of enchant armour
 i - a scroll of remove curse
Potions
 f - 2 potions of haste
 g - a potion of mutation {unknown}
 h - a potion of magic {unknown}
 m - a potion of degeneration {unknown}
Comestibles
 c - 3 rations


   Skills:
 + Level 0.2 Fighting
 + Level 0.3 Throwing
 + Level 2.5 Dodging
 + Level 2.5 Stealth
 + Level 0.6 Unarmed Combat
 + Level 3.7 Spellcasting
 + Level 2.2 Conjurations
 + Level 4.5 Fire Magic


You had 9 spell levels left.
You knew the following spells:

 Your Spells              Type           Power        Failure   Level  Hunger
a - Flame Tongue          Conj/Fire      ##...        4%          1    None
b - Throw Flame           Conj/Fire      ##....       6%          2    ##.....

Your spell library contained the following spells:

 Spells                   Type           Power        Failure   Level  Hunger
 Conjure Flame            Conj/Fire      ##......     12%         3    ###....
 Inner Flame              Hex/Fire       ##......     19%         3    ###....
 Sticky Flame             Conj/Fire      ##......     38%         4    ####...
 Fireball                 Conj/Fire      ##........   75%         5    ######.


Dungeon Overview and Level Annotations

Branches:
Dungeon (5/15)             Temple (0/1) D:5

Altars:


Message History

You completely miss the ice beast.
The ice beast is almost dead.
The ice beast closely misses you.
You hit the ice beast but do no damage.
The ice beast is almost dead.
The ice beast misses you.
You closely miss the ice beast.
The ice beast is almost dead.
The ice beast hits you. The ice beast freezes you.
Casting: Flame Tongue (safe; 4% risk of failure)
Confirm with . or Enter, or press ? or * to list all spells.
Aiming: Flame Tongue (safe; 4% risk of failure)
Press: ? - help, Shift-Dir - straight line, f/p - ice beast
Aim: an ice beast (almost dead)
The flame tongue hits the ice beast.
The ice beast melts!
The ice beast is almost dead.
The ice beast hits you.
* * * LOW HITPOINT WARNING * * *
The ice beast freezes you!
You die...

####.## ..#..#
.##...## #...#
..=....## #..#
........## ##..#
.#######.###...#
.# ##....#.# ##
#.###..## ###
##.Y## ###@# ###


You could see an ice beast.

Vanquished Creatures
  A bullfrog zombie (D:5)
  An orc wizard (D:4)
  7 adders
  3 gnolls (D:2)
  2 adder skeletons
  2 worms
  3 dart slugs
  6 leopard geckos
  7 orcs
  4 giant cockroaches
  10 hobgoblins
  A jackal (D:3)
  6 kobolds
  2 quokkas
  12 bats
  4 frilled lizards
  2 goblins (D:2)
  A quokka skeleton (D:4)
  8 rats
82 creatures vanquished.

Vanquished Creatures (others)
  An orc (D:3)
1 creature vanquished.

Grand Total: 83 creatures vanquished

Notes
Turn   | Place    | Note
-------+----------+-------------------------------------------
     0 | D:1      | Kaderl the Human Fire Elementalist began the quest for the
                  | Orb.
     0 | D:1      | Reached XP level 1. HP: 13/13 MP: 3/3
   225 | D:1      | Reached XP level 2. HP: 8/19 MP: 0/5
   652 | D:2      | Reached XP level 3. HP: 21/24 MP: 1/6
   938 | D:2      | Learned a level 2 spell: Throw Flame
  1060 | D:2      | Reached XP level 4. HP: 22/30 MP: 0/7
  1252 | D:2      | Reached skill level 4 in Fire Magic
  1614 | D:3      | Reached XP level 5. HP: 35/35 MP: 2/9
  2682 | D:4      | Reached XP level 6. HP: 41/41 MP: 0/10
  2687 | D:5      | Entered Level 5 of the Dungeon
  2772 | D:5      | Found a staircase to the Ecumenical Temple.
  2827 | D:5      | Upgraded the game from 0.22.0-40-g68aacdc4c8 to
                  | 0.22.0-49-gab54619674
  2889 | D:5      | Noticed an ice beast
  2925 | D:5      | Slain by an ice beast

Skill      XL: |  1  2  3  4  5 |
---------------+----------------+-----
Fire Magic     | 4 |  4.5
Spellcasting   | 3 |  3.7
Conjurations   | 2 |  2.2
Fighting       | |  0.2
Throwing       | |  0.3
Dodging        | |  2.5
Stealth        | |  2.5
Unarmed Combat | |  0.6

Action                   |  1- 3 |  4- 6 || total
-------------------------+-------+-------++-------
Melee: Unarmed           |    53 |    26 ||    79
Throw: Throwing net      |       |     1 ||     1
 Cast: Flame Tongue      |    50 |    90 ||   140
       Throw Flame       |       |    26 ||    26
Evoke: Wand              |       |     1 ||     1
  Use: Scroll            |     3 |     5 ||     8
  Eat: Ration            |     2 |     1 ||     3
Armor: Robe              |    22 |    10 ||    32
Dodge: Dodged            |    79 |    40 ||   119
